 Dungeon Crawl Stone Soup version 0.30-a0-1103-g25895a7845 (webtiles) character file.

Game seed: 6127791877110787078

182 qeuew the Trooper (level 5, -10/36 HPs)
             Began as a Gargoyle Fighter on Apr 18, 2023.
             Was an Initiate of Nemelex Xobeh.
             Mangled by an ogre
             ... wielding a +0 giant club
              (24 damage)
             ... on level 4 of the Dungeon.
             The game lasted 00:02:46 (1934 turns).

qeuew the Trooper (Gargoyle Fighter)                Turns: 1934, Time: 00:02:46

Health: -10/36     AC: 11    Str: 19    XL:     5   Next: 61%
Magic:  5/5        EV:  9    Int:  9    God:    Nemelex Xobeh [......]
Gold:   321        SH:  4    Dex: 11    Spells: 4/4 levels left

rFire   . . .      SeeInvis .    a - +1 flail
rCold   . . .      Faith    .    c - +0 buckler
rNeg    + . .      Spirit   .    b - +0 scale mail
rPois   ∞          Reflect  .    (no helmet)
rElec   +          Rampage  .    (no cloak)
rCorr   .                        (no gloves)
Will    .....                    (no boots) Stlth
                                 (no amulet)
HPRegen 0.26/turn                (no ring)
MPRegen 0.09/turn                (no ring)

@: no status effects
A: sickness immunity, AC +4, negative energy resistance 1, electricity
resistance, torment resistance 1, petrification resistance, robust 1
a: Renounce Religion, Draw Escape, Draw Destruction, Draw Summoning


You were on level 4 of the Dungeon.
You worshipped Nemelex Xobeh.
Nemelex Xobeh was noncommittal.
You visited 1 branch of the dungeon, and saw 4 of its levels.

You collected 321 gold pieces.

Inventory:

Hand Weapons
 a - a +1 flail (weapon)
Armour
 b - a +0 scale mail (worn)
 c - a +0 buckler (worn)
Wands
 h - a wand of mindburst (12)
Scrolls
 i - a scroll of acquirement {unknown}
 j - a scroll of enchant weapon
 l - a scroll of silence
Potions
 d - 2 potions of might
 e - 4 potions of flight
 f - a potion of haste
 g - a potion of brilliance


   Skills:
 * Level 4.2 Fighting
 * Level 3.1 Maces & Flails
 * Level 4.2 Armour
 + Level 1.0 Dodging
 * Level 4.2 Shields
 + Level 0.7 Invocations
 + Level 0.0 Evocations


You had 4 spell levels left.
You didn't know any spells.
Your spell library contained the following spells:

 Spells                   Type           Power      Damage    Failure   Level
 Kiss of Death            Conj/Necr      0%         2d5       83%         1
 Call Canine Familiar     Summ           0%         N/A       99%         3
 Confusing Touch          Hex            0%         N/A       99%         3
 Inner Flame              Hex/Fire       0%         N/A       99%         3
 Portal Projectile        Hex/Tloc       0%         N/A       99%         3
 Dispel Undead            Necr           0%         3d6       100%        4
 Leda's Liquefaction      Hex/Erth       0%         N/A       100%        4
 Yara's Violent Unravell  Hex/Tmut       0%         3d3       100%        5
 Enfeeble                 Hex            0%         N/A       100%        7


Dungeon Overview and Level Annotations

Branches:
Dungeon (4/15)
 Temple: D:4-7

Altars:
Fedhas
Nemelex Xobeh
Yredelemnul

Annotations:
D:3 1 runed translucent door, Krais's ghost, amateur MiBe


Innate Abilities, Weirdness & Mutations

You are immune to sickness and miasma.
Your stone body is resilient. (AC +4)
You are immune to poison.
You resist negative energy. (rN+)
You are resistant to electric shocks. (rElec)
You are resistant to unholy torment.
You are immune to petrification.
You are robust. (+10% HP)


Message History

The ogre is moderately wounded.
The ogre barely misses you.
You hit the ogre.
The ogre is heavily wounded.
The ogre closely misses you.
You barely miss the ogre.
The ogre is heavily wounded.
You closely miss the ogre.
The ogre is heavily wounded.
The ogre hits you with a +0 giant club!!
Ouch! That really hurt!
You are too injured to fight recklessly!
You are too injured to fight recklessly!
You are too injured to fight recklessly!
You are too injured to fight recklessly!
You are too injured to fight recklessly!
You are too injured to fight recklessly!
You are too injured to fight recklessly!
You are too injured to fight recklessly!
You are too injured to fight recklessly!
You are too injured to fight recklessly!
Unknown command.
You hit the ogre.
The ogre is heavily wounded.
The ogre hits you but does no damage.
You sock the ogre!
The ogre is almost dead.
The ogre barely misses you.
You barely miss the ogre.
The ogre is almost dead.
The ogre hits you but does no damage.
You barely miss the ogre.
The ogre is almost dead.
The ogre barely misses you.
You completely miss the ogre.
The ogre is almost dead.
The ogre hits you with a +0 giant club!!
Ouch! That really hurt!
You die...
Your body disappears without a glow.

.. #... ... #.#
#... #
#...#####.##
.#####.........#
.......##)@O##.#
.......<........#
####......###.....
.....#...## ####
#### #...# #..##
.... ...#. >... .


You could see an ogre.

Vanquished Creatures
  A phantom (D:3)
  4 adders
  3 dart slugs
  5 orcs
  4 ball pythons
  4 endoplasms
  2 giant cockroaches
  4 goblins
  5 hobgoblins
  5 jackals
  9 bats
  2 frilled lizards
  3 kobolds
  5 rats
56 creatures vanquished.

Notes
Turn   | Place    | Note
-------+----------+-------------------------------------------
     0 | D:1      | qeuew the Gargoyle Fighter began the quest for the Orb.
     0 | D:1      | Reached XP level 1. HP: 14/14 MP: 1/1
   121 | D:1      | Reached XP level 2. HP: 19/19 MP: 2/2
   472 | D:1      | Gained mutation: You are robust. (+10% HP) [potion of
                  | mutation]
   539 | D:2      | Reached XP level 3. HP: 14/25 MP: 3/3
   600 | D:2      | Found a blossoming altar of Fedhas.
   942 | D:2      | Reached XP level 4. HP: 26/31 MP: 4/4
  1402 | D:3      | Found a sparkling altar of Nemelex Xobeh.
  1404 | D:3      | Found a basalt altar of Yredelemnul.
  1420 | D:3      | Became a worshipper of Nemelex Xobeh the Trickster
  1493 | D:3      | Found a runed translucent door.
  1495 | D:3      | Noticed Krais's ghost (amateur MiBe)
  1812 | D:3      | Noticed a phantom
  1820 | D:3      | Killed a phantom
  1821 | D:3      | Reached skill level 1 in Dodging
  1821 | D:3      | Reached XP level 5. HP: 29/36 MP: 5/5
  1923 | D:4      | Noticed an ogre
  1934 | D:4      | Mangled by an ogre

Illustrated notes

Levels and vault maps discovered:
D:1:      pf_arrival_petrified_forest, layout_rooms, minmay_hexomino_u4
D:2:      layout_basic, basic_altar, kennysheep_decorative_pillar
D:3:      layout_loops_ring, jmf_multi_god_temple, gammafunk_ghost_grave,
          corexii_corridor_pit, nrook_mini_vaults
D:4:      layout_rooms, grunt_temple_overflow_open

Skill      XL: |  1  2  3  4 |
---------------+-------------+-----
Shields        | 4 |  4.2
Fighting       | 4 |  4.2
Armour         | 4 |  4.2
Maces & Flails | 3 |  3.1
Dodging        | 1 |  1.0
Invocations    | |  0.7

Action                     |  1- 3 |  4- 6 || total
---------------------------+-------+-------++-------
  Melee: Flail             |    89 |    76 ||   165
    Use: Scroll            |     4 |     7 ||    11
         Potion            |     1 |     2 ||     3
 Armour: Scale mail        |    76 |    50 ||   126
  Dodge: Dodged            |    60 |    26 ||    86
  Block: Buckler           |    20 |    12 ||    32

Table legend: (Time is in decaauts)
 A = Elapsed time spent in this place.
 B = Non-inter-level travel time spent in this place.
 C = Inter-level travel time spent in this place.
 D = Time resting spent in this place.
 E = Time spent auto-exploring this place.
 F = Levels seen in this place.
 G = Mean time per level.
                   A        B        C        D        E       F      G
               +--------+--------+--------+--------+--------+-----+--------+
         Total |   1984 |   1891 |     93 |      0 |   1458 |   4 |  496.0 |
       Dungeon |   1984 |   1891 |     93 |      0 |   1458 |   4 |  496.0 |
               +--------+--------+--------+--------+--------+-----+--------+

Top non-repeatable levels by time:
     D:3: 813 daAuts
     D:2: 649 daAuts
     D:1: 502 daAuts
     D:4: 19 daAuts
